 Dungeon Crawl Stone Soup version 0.22-a0-406-g9ff8d77 (webtiles) character file.

55 Borgoz the Skirmisher (level 3, -2/23 HPs)
             Began as a Gargoyle Abyssal Knight on May 8, 2018.
             Was a Follower of Lugonu.
             Slain by a worm (9 damage)
             ... on level 2 of the Dungeon.
             The game lasted 00:00:50 (1052 turns).

Borgoz the Skirmisher (Gargoyle Abyssal Knight)     Turns: 1052, Time: 00:00:51

Health: -2/23      AC:  6    Str: 15    XL:     3   Next: 93%
Magic:  4/4        EV: 11    Int: 12    God:    Lugonu [*.....]
Gold:   31         SH:  0    Dex: 10    Spells: 2/2 levels left

rFire    . . .     SeeInvis .   a - +1 hand axe
rCold    . . .     Gourm    .   (no shield)
rNeg     + . .     Faith    .   b - +0 leather armour
rPois    ∞         Spirit   .   (no helmet)
rElec    +         Reflect  .   (no cloak)
rCorr    .         Harm     .   (no gloves)
MR       .....                  (no boots)
Stlth    +.........             (no amulet)
HPRegen  0.07/turn              (no ring)
MPRegen  0.09/turn              (no ring)

@: no status effects
A: negative energy resistance 1, electricity resistance, unbreathing,
petrification resistance, rot immunity, AC +3
a: Depart the Abyss, Renounce Religion


You were on level 2 of the Dungeon.
You worshipped Lugonu.
Lugonu was aware of your devotion.
You were not hungry.

You visited 1 branch of the dungeon, and saw 2 of its levels.
You visited the Abyss 1 time.

You collected 31 gold pieces.

Inventory:

Hand Weapons
 a - a +1 hand axe (weapon)
Armour
 b - a +0 leather armour (worn)
Jewellery
 e - a +2 ring of intelligence {unknown}
 h - a +4 amulet of reflection {unknown}
Scrolls
 f - a scroll of amnesia {unknown}
 i - a scroll of remove curse {unknown}
 l - a scroll of fear {unknown}
Potions
 d - 2 potions of agility {unknown}
 g - 3 potions of curing {unknown}
 j - a potion of degeneration {unknown}
 k - 2 potions of experience {unknown}
Comestibles
 c - 5 rations


   Skills:
 + Level 3.6 Fighting
 * Level 2.5 Axes
 + Level 2.7 Armour
 + Level 1.3 Dodging
 + Level 2.4 Invocations


You had 2 spell levels left.
You didn't know any spells.

Dungeon Overview and Level Annotations

Branches:
Dungeon (2/15)

Altars:


Innate Abilities, Weirdness & Mutations

You are resistant to torment.
Your stone body is resilient. (AC +3)
You are immune to poison.
You resist negative energy. (rN+)
You are resistant to electric shocks. (rElec)
You can survive without breathing.
You are immune to petrification.
You are immune to rotting.


Message History

You hit the hound.
The hound is almost dead.
You hit the worm. The hound bites you but does no damage.
The worm bites you but does no damage.
You miss the hound.
The hound is almost dead.
You barely miss the worm. The hound bites you. x2
You are too injured to fight recklessly!
You are too injured to fight recklessly!
Unknown command.
You hit the worm but do no damage.
The worm is moderately wounded.
You hit the hound.
You kill the hound!
Lugonu accepts your kill. The worm bites you.
You hit the worm but do no damage.
The worm is moderately wounded.
The worm bites you!
You die...

#.# ..# #.# #.# #.# ##+#
#.# #.# #...# #.# ##..
.....# ### #.# #...
......# ##.###.# #..#
......w####...##.####.##
.......@.......)........
......†####.(....####...
......# #..##### ####
.....# #.## #...# #.#
##+# #.# #.# # #.# . #>#


You could see a worm.

Vanquished Creatures
  A hound (D:2)
  2 dart slugs (D:1)
  3 goblins (D:1)
  5 hobgoblins (D:1)
  A jackal (D:1)
  3 kobolds
  A bat (D:1)
  4 rats (D:1)
20 creatures vanquished.

Notes
Turn   | Place    | Note
-------+----------+-------------------------------------------
     0 | Abyss:1  | Borgoz the Gargoyle Abyssal Knight began the quest for the Orb.
     0 | Abyss:1  | Reached XP level 1. HP: 14/14 MP: 2/2
     4 | Abyss:1  | Found a corrupted altar of Lugonu.
   127 | Abyss:1  | Found a corrupted altar of Lugonu.
   136 | Abyss:1  | Noticed a large abomination
   137 | D:1      | Escaped the Abyss
   194 | D:1      | Reached XP level 2. HP: 10/19 MP: 3/3
   195 | D:1      | Reached * piety under Lugonu
   198 | D:1      | Reached skill level 1 in Dodging
   855 | D:1      | Reached XP level 3. HP: 23/23 MP: 4/4
  1052 | D:2      | Slain by a worm

Vault maps used:
D:1:      erik_arrival_blinker_ship, minivault_11, st_stairs_11,
          minmay_tromino_v4_c
D:2:      lemuel_coloured_pillars_altar, first_ration, feat_on_display

Skill      XL: |  1  2 |
---------------+-------+-----
Axes           | 2 |  2.5
Dodging        | 1 |  1.3
Fighting       | |  3.6
Armour         | |  2.7
Invocations    | |  2.4

Action                   || total
-------------------------++-------
Melee: Hand axe          ||    54
Invok: Depart the Abyss  ||     1
Armor: Leather armour    ||    23
Dodge: Dodged            ||    36

Table legend:
 A = Spawn XP
 B = Non-spawn XP
 C = Spawn XP percentage of total XP
 D = Spawn monster count
 E = Non-spawn monster count
 F = Spawn count percentage of total count
 G = Total turns spent on level
                    A         B        C        D         E        F      G
               +---------+---------+-------+---------+---------+-------+---------
         Total |       0 |      79 |   0.0 |       0 |      20 |   0.0 |  1052
               +---------+---------+-------+---------+---------+-------+---------
           D:1 |       0 |      35 |   0.0 |       0 |      18 |   0.0 |   867
           D:2 |       0 |      44 |   0.0 |       0 |       2 |   0.0 |    48
               +---------+---------+-------+---------+---------+-------+---------
